 Dungeon Crawl Stone Soup version 0.27-a0-1071-ga85bd9520d (webtiles) character file.

Game seed: 17929315656942986032

195634 Anon1729 the Brawler (level 18, -12/133 HPs)
             Began as a Demonspawn Berserker on Apr 24, 2021.
             Was the Champion of Trog.
             Mangled by a fenstrider witch (13 damage)
             ... while paralysed by a fenstrider witch
             ... on level 2 of the Lair of Beasts.
             The game lasted 01:21:24 (47646 turns).

Anon1729 the Brawler (Demonspawn Berserker)        Turns: 47646, Time: 01:21:24

Health: -12/133    AC: 17    Str: 35      XL:     18   Next: 13%
Magic:  18/18      EV:  2    Int: 10 (11) God:    Trog [******]
Gold:   2487       SH:  0    Dex: 18      Spells: 17/17 levels left

rFire    . . .     SeeInvis +     - Unarmed
rCold    . . .     Faith    .   T - +3 warlock's mirror {reflect}
rNeg     . . .     Spirit   .   f - +2 plate armour "Zetwesh" {rElec rF- Str+3 SInv}
rPois    +         Reflect  +   P - +0 hat of the Everdark {Int+3 Dex+7}
rElec    +         Harm     .   s - +2 cloak
rCorr    .         Rampage  .   (gloves unavailable)
Will     +....                  (no boots)
Stlth    ..........             o - amulet of reflection
HPRegen  0.32/turn              t - ring of protection from fire
MPRegen  0.16/turn              q - ring "Pegeq" {rPois Str+6}

@: paralysed, mighty, lethally poisoned (-12 -> -22), corroded, hasted, very
slow
A: claws 3, hooves 2, horns 2, powered by pain 1, spiny 2, clumsy 1, frail 1
a: Renounce Religion, Berserk, Trog's Hand, Brothers in Arms


You were on level 2 of the Lair of Beasts.
You worshipped Trog.
Trog was exalted by your worship.
You visited 5 branches of the dungeon, and saw 27 of its levels.
You also visited: Bailey, Gauntlet and Volcano.

You collected 4660 gold pieces.
You spent 2173 gold pieces at shops.

Inventory:

Hand Weapons
 W - a +0 quick blade of protection
Missiles
 a - 9 throwing nets
 b - 6 boomerangs of dispersal
 p - 8 atropa-tipped darts
 E - 11 curare-tipped darts
Armour
 f - the +2 plate armour "Zetwesh" (worn) {rElec rF- Str+3 SInv}
   (You took it off Duvessa on level 7 of the Dungeon)

   It affects your strength (+3).
   It makes you vulnerable to fire.
   It insulates you from electricity.
   It lets you see invisible.
 s - a +2 cloak (worn)
 P - the +0 hat of the Everdark (worn) {Int+3 Dex+7}
   (You acquired it on level 1 of the Elven Halls)

   It affects your intelligence (+3).
   It affects your dexterity (+7).
 T - the +3 warlock's mirror (worn) {reflect}
   (You acquired it on level 2 of the Elven Halls)
Jewellery
 l - a ring of ice
 o - an amulet of reflection (around neck)
 q - the ring "Pegeq" (right claw) {rPois Str+6}
   (You found it on level 5 of the Lair of Beasts)

   [ring of strength]

   It affects your strength (+6).
   It protects you from poison.
 t - a ring of protection from fire (left claw)
 y - a ring of resist corrosion
 I - the ring of Xom's Castigation {rN+ Will- Slay+6 SInv Stlth+}
   (You took it off a deep elf archer on level 3 of the Elven Halls)

   [ring of positive energy]

   It affects your accuracy and damage with ranged weapons and melee attacks
   (+6).
   It protects you from negative energy.
   It lets you see invisible.
   It decreases your willpower.
   It makes you more stealthy.
 Y - a ring of willpower
Wands
 c - a wand of acid (11)
 r - a wand of flame (49)
 w - a wand of mindburst (10)
 x - a wand of iceblast (39)
 C - a wand of paralysis (12)
 K - a wand of digging (11)
 L - a wand of polymorph (16)
 V - a wand of charming (5)
Scrolls
 d - 17 scrolls of teleportation
 e - 3 scrolls of vulnerability
 g - a scroll of magic mapping
 i - 12 scrolls of enchant weapon
 u - 5 scrolls of fog
 A - 2 scrolls of silence
 G - 3 scrolls of fear
 H - 6 scrolls of immolation
 Q - 5 scrolls of enchant armour
 U - a scroll of blinking
 X - a scroll of summoning
Potions
 h - 12 potions of curing
 j - 7 potions of haste
 m - 6 potions of might
 n - 4 potions of cancellation
 v - 2 potions of attraction
 z - 2 potions of berserk rage
 B - 3 potions of resistance
 D - 2 potions of lignification
 F - 3 potions of mutation
 J - a potion of heal wounds
 N - a potion of invisibility
 O - 2 potions of flight
 Z - 2 potions of ambrosia
Miscellaneous
 k - a condenser vane
 M - a lightning rod (4/4)
 R - a box of beasts
 S - a phantom mirror


   Skills:
 + Level 14.9 Fighting
 - Level 3.0 Axes
 + Level 13.6 Armour
 + Level 13.6 Dodging
 - Level 5.0 Shields
 * Level 19.2 Unarmed Combat


You had 17 spell levels left.
You didn't know any spells.
Your spell library was empty.

Dungeon Overview and Level Annotations

Branches:
Dungeon (15/15)            Temple (0/1) D:6            Lair (6/6) D:9
  Swamp (1/4) Lair:2        Snake (0/4) Lair:2        Slime (0/5) Lair:5
    Orc (2/2) D:10            Elf (3/3) Orc:2        Vaults (0/5) D:13
 Depths (0/5) D:15         Bailey (visited)         Volcano (visited)
Gauntlet (visited)

Altars:
Ashenzari
Cheibriados
Hepliaklqana
Kikubaaqudgha
Qazlal
Trog
Vehumet
Xom
Yredelemnul
Beogh
Jiyva

Shops:
D:5 [   D:8 *   Orc:2 [!*(   Elf:1 ?   Elf:3 =

Annotations:
D:13 3 runed translucent doors, Huifron's ghost, journeyman GnTm
Lair:1 exclusion: 2 oklob plants
Orc:2 3 runed translucent doors, TheNamelessOne's ghost, journeyman OpGl
Elf:1 exclusion: downstairs
Elf:2 2 runed translucent doors


Innate Abilities, Weirdness & Mutations

You have claws for hands.
You have hoof-like feet.
You have a pair of horns on your head.
You sometimes gain a little power by taking damage.
You are mostly covered in sharp spines.
You are clumsy. (Dex -2)
You are frail. (-10% HP)


Message History

You focus on the pain.
You feel very mighty all of a sudden. You block the goliath frog's attack.
You block the fenstrider witch's attack.
The fenstrider witch kicks you!
* * * LOW HITPOINT WARNING * * *
The will-o-the-wisp barely misses you. The goliath frog hits you from afar.
* * * LOW HITPOINT WARNING * * *
The acid corrodes you!
You are splashed with acid!
* * * LOW HITPOINT WARNING * * *
You climb upwards.
Welcome back to the Lair of Beasts!
There is a staircase to the Swamp here.
Blink to where?
Press: ? - help, Dir - move target
As you read the scroll of blinking, it crumbles to dust.
You feel much better.
You feel yourself speed up.
The fenstrider witch gestures at you while chanting.
You suddenly lose the ability to move!
The fenstrider witch hits you but does no damage.
The fenstrider witch kicks you.
* * * LOW HITPOINT WARNING * * *
The fenstrider witch gestures at you while chanting.
The toxic sludge hits you!
You are poisoned.
You partially resist.
* * * LOW HITPOINT WARNING * * *
Splash!
You fall into the toxic bog.
Moving in this stuff is going to be slow.
You fester in the toxic bog.
You partially resist.
You are more poisoned.
You feel very sick. The fenstrider witch hits you!
* * * LOW HITPOINT WARNING * * *
The fenstrider witch kicks you!
* * * LOW HITPOINT WARNING * * *
The will-o-the-wisp gestures.
The will-o-the-wisp conjures some foxfire!
The fenstrider witch hits you!
You die...

####### ##.##..#### #
#.........###### #
##..####.......P######### #..##
###..........#.#P.
##..#######.##...........
##.#.#.#.#####.....#.#...
#......H@..#.#...........
#......vv......._..#.#.#.
##...###v....#......##.###
#P.§..###.####............
#§§§.###...# ##.###.##.### ###
##§§§≈.....# ###.#..##.###
####.####§§§..#§.####...........#
##..##.##.≈.≈.§#.#..#.######..#<.
#.........#...........# #..#..


You could see a fenstrider witch and a will-o-the-wisp.

Vanquished Creatures
  Rupert (Lair:3)
  Asterion (Elf:1)
  A deep elf master archer (Elf:3)
  A deep elf blademaster (Elf:3)
  Agnes (Orc:2)
  5 deep elf sorcerers (Elf:3)
  2 very ugly things (D:13)
  5 deep elf elementalists (Elf:3)
  A deep elf demonologist (Elf:3)
  5 deep elf annihilators (Elf:3)
  7 deep elf death magi
  3 deep elf high priests (Elf:3)
  3 fire dragons
  A vault guard (D:13)
  Fannar (Lair:1)
  7 hydras
  The ghost of Killmatronix the Cleaver, a journeyman FoHu of Okawaru (D:10)
  2 catoblepae
  An ogre mage (D:15)
  Erica (D:8)
  5 centaur warriors
  3 boulder beetles
  7 two-headed ogres
  3 death yaks (Lair:2)
  16 dancing weapons
  A death knight (D:14)
  4 alligators
  5 orc high priests
  Sonja (D:13)
  14 deep elf knights
  Nergalle (D:11)
  6 skeletal warriors
  A glowing orange brain (D:15)
  A swamp dragon (Lair:6)
  15 deep elf archers
  2 wizards (D:14)
  2 lindwurms
  Pikel (D:6)
  7 orc knights (Orc:2)
  A phantasmal warrior (D:14)
  31 deep elf pyromancers
  An orc sorcerer (Orc:2)
  An obsidian statue (Gauntlet)
  30 deep elf zephyrmancers
  3 salamanders (Volcano)
  6 cyclopes
  3 manticores
  A will-o-the-wisp (Lair:2)
  23 ugly things
  15 elephants
  A guardian serpent (shapeshifter) (D:15)
  An eye of devastation (shapeshifter) (Elf:2)
  2 gargoyles
  A smoke demon (Gauntlet)
  6 torpor snails (Lair:6)
  4 black mambas
  A yaktaur (shapeshifter) (Elf:2)
  8 cane toads
  An unseen horror (D:11)
  3 rime drakes (Lair:6)
  2 efreet
  18 komodo dragons
  A freezing wraith (D:15)
  2 trolls
  2 meliai (D:15)
  A wind drake (shapeshifter) (D:15)
  A meliai (shapeshifter) (D:15)
  4 tyrant leeches (Lair:6)
  8 hornets
  35 blink frogs
  2 polar bears
  8 dream sheep (Lair:6)
  7 slime creatures
  A centaur simulacrum (D:15)
  4 large abominations (Elf:1)
  6 flying skulls (Gauntlet)
  4 shadows
  2 spriggans (Lair:4)
  3 air elementals (Elf:1)
  16 wyverns
  5 water elementals
  4 wraiths
  45 yaks
  4 vampires
  10 fire bats (Volcano)
  4 basilisks
  4 steam dragons
  8 vampire mosquitoes
  A swamp worm (Swamp:1)
  4 wargs
  4 acid dragons
  14 water moccasins
  A floating eye (shapeshifter) (Elf:3)
  Duvessa (D:7)
  31 orc warriors
  4 swamp drakes
  A necrophage (D:7)
  3 black bears
  3 sky beasts
  A meliai simulacrum (D:14)
  7 ogres
  3 boggarts (D:14)
  17 wolves
  17 centaurs
  2 lemures (D:6)
  2 kobold brigands
  4 elf zombies (Elf:1)
  15 bullfrogs
  Blork the orc (D:5)
  Dowan (D:7)
  8 gnoll sergeants (Bailey)
  3 scorpions
  2 earth elementals
  2 water moccasin skeletons
  13 killer bees
  4 wights
  12 electric eels
  8 howler monkeys
  3 jellies
  2 crimson imps (Gauntlet)
  4 centaur zombies
  A bullfrog skeleton (D:6)
  32 orc priests
  5 hounds
  6 gnoll shamans (Bailey)
  Crazy Yiuf (D:2)
  A centaur skeleton (D:7)
  9 iguanas
  12 orc wizards
  Natasha (twice) (D:3)
  5 hell rats (Lair:2)
  A mummy (D:8)
  18 gnolls
  2 howler monkey zombies
  11 adders
  A white imp (D:6)
  An ufetubus (D:6)
  2 worms
  2 dart slugs
  79 orcs
  8 ball pythons
  3 bats
  13 endoplasms
  3 giant cockroaches
  7 goblins
  5 hobgoblins
  12 jackals
  16 kobolds
  4 quokkas
  3 frilled lizards
  A quokka skeleton (D:4)
  3 rats
  A fungus (Lair:6)
967 creatures vanquished.

Vanquished Creatures (collateral kills)
  A minotaur (Gauntlet)
  4 hydras
  5 elephants (Lair:3)
  A cane toad (Lair:3)
  A komodo dragon (Lair:2)
  A dream sheep (Lair:6)
13 creatures vanquished.

Vanquished Creatures (others)
  A deep elf annihilator (Elf:3)
  A rakshasa (D:15)
  A death yak (Lair:2)
  A deep elf pyromancer (Elf:2)
  A kobold brigand (D:10)
  An iguana (Lair:6)
  8 foxfires (Swamp:1)
  44 fungi
  183 plants
241 creatures vanquished.

Grand Total: 1221 creatures vanquished

Notes
Turn   | Place    | Note
-------+----------+-------------------------------------------
     0 | D:1      | Anon1729 the Demonspawn Berserker began the quest for the
                  | Orb.
     0 | D:1      | Reached XP level 1. HP: 18/18 MP: 1/1
   245 | D:1      | Gained mutation: You sometimes gain a little power by
                  | taking damage. [demonic ancestry]
   245 | D:1      | Reached XP level 2. HP: 23/24 MP: 2/2
  1043 | D:1      | Gained mutation: You have sharp fingernails. [demonic
                  | ancestry]
  1043 | D:1      | Reached XP level 3. HP: 28/29 MP: 3/3
  1233 | D:2      | Reached ** piety under Trog
  2500 | D:2      | Found a runed translucent door.
  2501 | D:2      | Noticed Crazy Yiuf
  2941 | D:3      | You fall into a shaft and drop 1 floor!
  2942 | D:4      | Noticed a black bear
  2975 | D:5      | Entered Level 5 of the Dungeon
  2982 | D:5      | Reached skill level 1 in Unarmed Combat
  2982 | D:5      | Gained mutation: You have very sharp fingernails. [demonic
                  | ancestry]
  2982 | D:5      | Reached XP level 4. HP: 29/35 MP: 4/4
  3208 | D:5      | Found Guach's Armour Shoppe.
  3490 | D:5      | Reached XP level 5. HP: 31/42 MP: 5/5
  3679 | D:5      | Reached skill level 2 in Unarmed Combat
  3745 | D:5      | Noticed Blork the orc
  3964 | D:5      | You fall into a shaft and drop 2 floors!
  3974 | D:7      | Gained mutation: You have large cloven feet. [demonic
                  | ancestry]
  3974 | D:7      | Reached XP level 6. HP: 48/48 MP: 6/6
  4000 | D:7      | Reached skill level 3 in Unarmed Combat
  4122 | D:7      | Noticed a sky beast
  4141 | D:7      | Killed a sky beast
  4142 | D:7      | Gained mutation: You are partially covered in sharp spines.
                  | [demonic ancestry]
  4142 | D:7      | Reached XP level 7. HP: 41/55 MP: 7/7
  4598 | D:7      | Noticed Dowan
  4736 | D:6      | Reached skill level 4 in Unarmed Combat
  4815 | D:6      | Noticed a vampire
  5262 | D:5      | Reached skill level 5 in Fighting
  5498 | D:5      | Noticed a vampire
  5507 | D:5      | Killed a vampire
  5508 | D:5      | Reached XP level 8. HP: 62/62 MP: 8/8
  5598 | D:5      | Killed Blork the orc
  5599 | D:5      | Reached skill level 5 in Unarmed Combat
  6104 | D:4      | Noticed a hornet
  6110 | D:4      | Killed a hornet
  6180 | D:4      | Reached *** piety under Trog
  6756 | D:3      | Noticed Natasha
  6771 | D:3      | Killed Natasha
  6772 | D:3      | Reached skill level 6 in Unarmed Combat
  6909 | D:3      | Found a faded altar of an unknown god.
  7187 | D:3      | Noticed Natasha
  7192 | D:3      | Killed Natasha
  7533 | D:2      | Killed Crazy Yiuf
  7900 | D:6      | Noticed Pikel
  7922 | D:6      | Killed Pikel
  7923 | D:6      | Reached skill level 5 in Armour
  7923 | D:6      | Reached skill level 5 in Dodging
  7923 | D:6      | Reached XP level 9. HP: 22/69 MP: 9/9
  8330 | D:6      | Found a staircase to the Ecumenical Temple.
  8414 | D:6      | Found a basalt altar of Yredelemnul.
  8530 | D:6      | Paralysed by a vampire for 2 turns
  8546 | D:6      | Reached skill level 7 in Unarmed Combat
  8759 | D:6      | Found a stormy altar of Qazlal.
  9353 | D:7      | Identified the +2 plate armour "Zetwesh" {rElec rF- Str+3
                  | SInv}
  9353 | D:7      | Noticed Duvessa
  9379 | D:7      | Killed Duvessa
  9386 | D:7      | Killed Dowan
  9392 | D:7      | Reached **** piety under Trog
  9474 | D:7      | Found a hazy altar of Hepliaklqana.
  9474 | D:7      | Found a broken altar of Ashenzari.
  9475 | D:7      | Found the +3 pair of gauntlets of War {Slay+5}
  9475 | D:7      | Found a radiant altar of Vehumet.
  9965 | D:8      | Found Hudaom's General Store.
 10006 | D:8      | Reached skill level 8 in Unarmed Combat
 10010 | D:8      | Gained mutation: You are mostly covered in sharp spines.
                  | [demonic ancestry]
 10010 | D:8      | Reached XP level 10. HP: 61/79 MP: 10/10
 10402 | D:8      | Noticed Erica
 10415 | D:8      | Killed Erica
 10878 | D:8      | Found a snail-covered altar of Cheibriados.
 11275 | D:9      | Found a flagged portal.
 11342 | Bailey   | Entered a bailey
 11359 | Bailey   | Reached skill level 9 in Unarmed Combat
 12789 | D:9      | Found a staircase to the Lair.
 12796 | D:9      | Reached ***** piety under Trog
 13504 | D:9      | Found a bloodstained altar of Trog.
 13537 | D:10     | Entered Level 10 of the Dungeon
 13837 | D:10     | Reached XP level 11. HP: 87/87 MP: 11/11
 14546 | D:10     | Found a staircase to the Orcish Mines.
 14881 | D:10     | Found a runed translucent door.
 14885 | D:10     | Noticed Killmatronix's ghost (journeyman FoHu)
 15330 | D:10     | Noticed a catoblepas
 15398 | D:10     | Identified a scroll of acquirement
 15399 | D:10     | Acquired a manual of Unarmed Combat
 15625 | D:11     | Reached skill level 10 in Unarmed Combat
 15680 | D:11     | Received a gift from Trog
 15716 | D:11     | Found a gate leading to a gauntlet.
 15723 | Gauntlet | Entered a Gauntlet
 15723 | Gauntlet | Found a transporter.
 15723 | Gauntlet | Found a transporter.
 15724 | Gauntlet | Found a transporter.
 15813 | Gauntlet | Found a transporter.
 15815 | Gauntlet | Found a transporter.
 15816 | Gauntlet | Found a transporter.
 15824 | Gauntlet | Found a transporter.
 15825 | Gauntlet | Found a transporter.
 15826 | Gauntlet | Found a transporter.
 15826 | Gauntlet | Found a transporter.
 15831 | Gauntlet | Noticed a large abomination
 15834 | Gauntlet | Noticed an obsidian statue
 15837 | Gauntlet | Found a transporter.
 15838 | Gauntlet | Found a transporter.
 15914 | Gauntlet | Found a runed translucent door.
 16221 | Gauntlet | Noticed a sixfirhy
 16228 | Gauntlet | Killed an obsidian statue
 16229 | Gauntlet | Reached skill level 11 in Unarmed Combat
 16236 | Gauntlet | Identified the +1 pair of gloves of Wariness {Drain Dex+5}
 16300 | Gauntlet | Noticed a minotaur
 16312 | Gauntlet | Killed a minotaur
 17029 | D:11     | Noticed a seven-headed hydra
 17071 | D:11     | Noticed a boulder beetle
 17436 | Lair:1   | Entered Level 1 of the Lair of Beasts
 17609 | Lair:1   | Reached skill level 12 in Unarmed Combat
 17957 | Lair:1   | Noticed an oklob plant
 18071 | Lair:1   | Reached XP level 12. HP: 96/96 MP: 12/12
 18164 | Lair:1   | Noticed Fannar
 18178 | Lair:1   | Killed Fannar
 18993 | Lair:2   | Noticed a six-headed hydra
 19243 | Lair:2   | Found a staircase to the Swamp.
 19249 | Lair:2   | Reached skill level 13 in Unarmed Combat
 19314 | Lair:2   | Found a dark tunnel.
 19423 | Volcano  | Entered a volcano
 19472 | Volcano  | Reached skill level 10 in Fighting
 19579 | Volcano  | Noticed a two-headed ogre
 19589 | Volcano  | Killed a two-headed ogre
 19727 | Volcano  | Noticed a two-headed ogre
 19735 | Volcano  | Killed a two-headed ogre
 19758 | Volcano  | Reached skill level 14 in Unarmed Combat
 20062 | Volcano  | Noticed a two-headed ogre
 20072 | Volcano  | Killed a two-headed ogre
 20232 | Volcano  | Noticed a fire dragon
 20241 | Volcano  | Killed a fire dragon
 20621 | Volcano  | Gained mutation: You have claws for hands. [demonic
                  | ancestry]
 20621 | Volcano  | Reached XP level 13. HP: 89/104 MP: 13/13
 20991 | Lair:2   | Found a staircase to the Snake Pit.
 22198 | Lair:3   | You fall into a shaft and drop 1 floor!
 23502 | Lair:3   | Noticed Rupert
 23509 | Lair:3   | Killed Rupert
 23510 | Lair:3   | Reached skill level 10 in Armour
 23510 | Lair:3   | Reached skill level 10 in Dodging
 23550 | Lair:3   | Reached skill level 15 in Unarmed Combat
 25500 | Lair:5   | Found a staircase to the Slime Pits.
 25500 | Lair:5   | Found a viscous altar of Jiyva.
 25634 | Lair:5   | Identified the ring "Pegeq" {rPois Str+6}
 25984 | Lair:6   | Entered Level 6 of the Lair of Beasts
 26014 | Lair:6   | Gained mutation: You have hoof-like feet. [demonic
                  | ancestry]
 26014 | Lair:6   | Reached XP level 14. HP: 89/113 MP: 14/14
 27479 | Lair:6   | Reached skill level 16 in Unarmed Combat
 27803 | Lair:6   | Found a runed translucent door.
 29375 | Lair:2   | Received a gift from Trog
 29627 | Lair:2   | Found a shimmering altar of Xom.
 30186 | D:10     | Killed Killmatronix's ghost
 30853 | D:11     | Noticed Nergalle
 30859 | D:11     | Killed Nergalle
 31209 | D:12     | Reached XP level 15. HP: 122/122 MP: 15/15
 31878 | D:13     | Noticed Sonja
 31888 | D:13     | Killed Sonja
 32318 | D:13     | Found a gate to the Vaults.
 32739 | D:13     | Found a runed translucent gate.
 32739 | D:13     | Found a runed translucent gate.
 32739 | D:13     | Found a runed translucent gate.
 33247 | D:13     | Found a runed translucent gate.
 33247 | D:13     | Found a runed translucent gate.
 33250 | D:13     | Found a runed translucent gate.
 33252 | D:13     | Noticed Huifron's ghost (journeyman GnTm)
 33282 | D:14     | Identified the +12 executioner's axe of the Tent
                  | {antimagic, *Slow rPois Str+4} (Trog gifted it to you on
                  | level 14 of the Dungeon)
 33282 | D:14     | Received a gift from Trog
 34155 | D:13     | Reached skill level 17 in Unarmed Combat
 34575 | Orc:1    | Entered Level 1 of the Orcish Mines
 34662 | Orc:1    | Found a shimmering altar of Xom.
 34912 | Orc:2    | Entered Level 2 of the Orcish Mines
 35213 | Orc:2    | Found a runed translucent gate.
 35214 | Orc:2    | Found a runed translucent gate.
 35215 | Orc:2    | Found a runed translucent gate.
 35217 | Orc:2    | Noticed TheNamelessOne's ghost (journeyman OpGl)
 35303 | Orc:2    | Found a staircase to the Elven Halls.
 35346 | Orc:2    | Received a gift from Trog
 36014 | Orc:2    | Gained mutation: You are frail. (-10% HP) [a neqoxec]
 36978 | Orc:2    | Found Wahirhej's Distillery.
 36981 | Orc:2    | Found Huatwifu's Weapon Boutique.
 36984 | Orc:2    | Found Nueshrual's Assorted Antiques.
 36985 | Orc:2    | Found Ryoj Ath's Antique Armour Boutique.
 36989 | Orc:2    | Bought a scroll of identify for 64 gold pieces
 36993 | Orc:2    | Bought a potion of heal wounds for 70 gold pieces
 36993 | Orc:2    | Bought a potion of ambrosia for 112 gold pieces
 36993 | Orc:2    | Bought a potion of mutation for 112 gold pieces
 36993 | Orc:2    | Bought a potion of curing for 42 gold pieces
 37410 | Elf:1    | Entered Level 1 of the Elven Halls
 37410 | Elf:1    | Noticed Agnes
 37414 | Orc:2    | Killed Agnes
 37819 | Elf:1    | Noticed Asterion
 37833 | Elf:1    | Noticed an Executioner
 38188 | Elf:1    | Killed Asterion
 38188 | Elf:1    | Received a gift from Trog
 38189 | Elf:1    | Gained mutation: You have a pair of small horns on your
                  | head. [demonic ancestry]
 38189 | Elf:1    | Reached XP level 16. HP: 117/117 MP: 16/16
 38700 | Elf:1    | Found an ancient bone altar of Kikubaaqudgha.
 39616 | Elf:1    | Found Mukhlua's Magic Scroll Shoppe.
 39619 | Elf:1    | Bought a scroll of acquirement for 936 gold pieces
 39619 | Elf:1    | Bought a scroll of fear for 63 gold pieces
 39619 | Elf:1    | Bought a scroll of teleportation for 54 gold pieces
 39619 | Elf:1    | Bought a scroll of enchant armour for 135 gold pieces
 39619 | Elf:1    | Bought a scroll of holy word for 135 gold pieces
 39619 | Elf:1    | Bought a scroll of fog for 36 gold pieces
 39619 | Elf:1    | Bought a scroll of silence for 135 gold pieces
 39619 | Elf:1    | Bought a scroll of enchant weapon for 135 gold pieces
 39619 | Elf:1    | Bought a scroll of teleportation for 54 gold pieces
 39619 | Elf:1    | Bought a scroll of teleportation for 54 gold pieces
 39619 | Elf:1    | Bought a scroll of identify for 36 gold pieces
 39619 | Elf:1    | Acquired the +0 hat of the Everdark {Int+3 Dex+7}
 40767 | Elf:2    | Reached skill level 18 in Unarmed Combat
 40916 | Elf:2    | Received a gift from Trog
 41342 | Elf:3    | Entered Level 3 of the Elven Halls
 41715 | Elf:2    | Acquired the +3 warlock's mirror {reflect}
 41716 | Elf:2    | Found the +3 warlock's mirror {reflect}
 41823 | Elf:2    | Reached skill level 1 in Shields
 41879 | Elf:2    | Found a radiant altar of Vehumet.
 42266 | Elf:2    | Found a runed translucent door.
 42292 | Elf:2    | Found a runed translucent door.
 42896 | Elf:3    | Reached ****** piety under Trog
 42897 | Elf:3    | Reached XP level 17. HP: 125/125 MP: 17/17
 43297 | Elf:3    | Identified the +7 hand axe "Palicreucu" {vorpal, Will++}
                  | (Trog gifted it to you on level 3 of the Elven Halls)
 43297 | Elf:3    | Received a gift from Trog
 43463 | Elf:3    | Noticed a deep elf blademaster
 43471 | Elf:3    | Killed a deep elf blademaster
 43551 | Elf:3    | Identified the +12 hand axe of Earthquakes {speed, rN+}
 43551 | Elf:3    | Identified the amulet "Venim" {Reflect rElec Will- rCorr
                  | Dex+8 SH+5}
 43576 | Elf:3    | Reached skill level 5 in Shields
 43669 | Elf:3    | Identified the ring "Juimm" {Int+3 Dex+6}
 43955 | Elf:3    | Identified the +8 great sword of Gozag's Reproof {freeze,
                  | SInv}
 44062 | Elf:3    | Identified the +6 dagger "Utoj" {freeze, rF++ rC+ Str+3}
 44087 | Elf:3    | Noticed a deep elf master archer
 44103 | Elf:3    | Killed a deep elf master archer
 44219 | Elf:3    | Identified the ring of Xom's Castigation {rN+ Will- Slay+6
                  | SInv Stlth+}
 44921 | Elf:3    | Gained mutation: You are clumsy. (Dex -2) [a shining eye]
 45043 | Elf:3    | Found Xat Ajit's Jewellery Emporium.
 45737 | D:14     | Received a gift from Trog
 45915 | D:14     | Reached skill level 19 in Unarmed Combat
 46158 | D:14     | Found a hazy altar of Hepliaklqana.
 46276 | D:15     | Entered Level 15 of the Dungeon
 46407 | D:15     | Identified the +2 pair of boots of Virtue {rPois rF- rC-
                  | Str+7}
 46525 | D:15     | Found a staircase to the Depths.
 46533 | D:15     | Gained mutation: You have a pair of horns on your head.
                  | [demonic ancestry]
 46533 | D:15     | Reached XP level 18. HP: 133/133 MP: 18/18
 47404 | Swamp:1  | Entered Level 1 of the Swamp
 47413 | Swamp:1  | Received a gift from Trog
 47642 | Lair:2   | Paralysed by a fenstrider witch for 4 turns
 47646 | Lair:2   | HP: 1/133 [fenstrider witch (8)]
 47646 | Lair:2   | Mangled by a fenstrider witch

Illustrated notes

Levels and vault maps discovered:
D:1:      dpeg_arrival_solitude, layout_loops_ring
D:2:      layout_loops_corners, uniq_crazy_yiuf_cottage
D:3:      layout_basic, shapermc_ecumenical_altar_hornbeckon, uniq_natasha
D:4:      layout_loops_ring
D:5:      layout_basic, serial_shops, shop, uniq_blork_the_orc
D:6:      layout_loops_ring, marbit_many_paths, lemuel_crystal_altar,
          minmay_temple_entry_large_hall, serial_glass, glass_columns_a,
          glass_columns_c, glass_columns_b, glass_columns_a, glass_columns_c,
          glass_columns_c, glass_columns_c, glass_columns_a, uniq_pikel
D:7:      layout_loops_cross, gammafunk_temple_overflow_forgotten,
          kennysheep_generic_room_5, uniq_duvessa
D:8:      layout_loops_ring, chei_slow_surprise, serial_shops, shop, uniq_erica
D:9:      layout_roguey, erik_lair_orcish_takeover, enter_bailey_5,
          david_defended_altar_orc
D:10:     layout_roguey, erik_orc_1, ebering_ghost_reflecting_pool,
          evilmike_minifort
D:11:     layout_basic, gauntlet_entry_generic, uniq_nergalle
D:12:     layout_irregular_city
D:13:     layout_loops_ring, david_vaults_5,
          ploomutoo_gammafunk_ghost_potion_laboratory, uniq_sonja
D:14:     layout_cave_pools, nzn_hepliaklqana_mist_gate
D:15:     gammafunk_enter_depths_forms, layout_loops_ring,
          minmay_alternating_orb
Lair:1:   layout_misc_corridors, cheibrodos_lair_reptile_den,
          minmay_lair_oklob_chamber, serial_bayou_shore_b, lemuel_fruit_tree,
          uniq_fannar
Lair:2:   layout_loops_ring, minmay_swamp_entry_wisps, dummy_snake_entry,
          serial_bayou, serial_bayou_ford_a, serial_bayou_shore_b,
          serial_bayou_pond_b, serial_bayou_crossing, serial_bayou_pond_c,
          basic_altar, enter_volcano_1, pond
Lair:3:   layout_long_grid, lemuel_fruit_fields, uniq_rupert
Lair:4:   layout_cave_pods, forest_entry_grove
Lair:5:   layout_long_grid, slime_altar_1
Lair:6:   guppyfry_lair_end_dragon, layout_cave_pods, wormcave
Swamp:1:  layout_basic_swamp, hangedman_swamp_diagram
Orc:1:    layout_caves, basic_altar, mines2_david
Orc:2:    st_orc_pillars, layout_diamond_mine, ebering_ghost_rock_garden
Elf:1:    minmay_elf_arrival_summoners, layout_geoelf_grid, basic_altar,
          serial_shops, nicolae_shop_behind_doors, minmay_elf_necromancy,
          uniq_asterion, uniq_agnes
Elf:2:    layout_gridlike, basic_altar, statue_in_the_mist_lemuel, minivault_28
Elf:3:    minmay_elf_hall_dome, layout_geoelf_castle, serial_shops, shop,
          guppyfry_library_mini

Skill      XL: |  1  2  3  4  5  6  7  8  9 10 11 12 13 14 15 16 17 |
---------------+----------------------------------------------------+-----
Armour         | 2 3 4 5 6 7 8 9 10 11 12 13 | 13.6
Dodging        | 2 3 4 5 6 7 8 9 10 11 12 13 | 13.6
Axes           | 3 |  3.0
Unarmed Combat | 1 2 3 4 6 8 9 12 14 15 16 17 18 19 | 19.2
Fighting       | 4 5 6 7 8 9 10 11 12 13 14 | 14.9
Shields        | 3 5 |  5.0

Action                   |  1- 3 |  4- 6 |  7- 9 | 10-12 | 13-15 | 16-18 || total
-------------------------+-------+-------+-------+-------+-------+-------++-------
Melee: Hand axe          |   151 |    29 |       |       |       |       ||   180
       Punch             |       |     1 |     6 |    24 |    88 |    11 ||   130
       Unarmed           |       |    38 |   251 |   491 |   917 |   559 ||  2256
       Kick              |       |     7 |    68 |   156 |   310 |   247 ||   788
       Scimitar          |       |       |       |       |     1 |       ||     1
       Headbutt          |       |       |       |       |       |   149 ||   149
Invok: Berserk           |     1 |     5 |     6 |    13 |    11 |     8 ||    44
       Trog's Hand       |       |       |     3 |     2 |     3 |     3 ||    11
       Brothers in Arms  |       |       |       |     3 |     7 |       ||    10
Evoke: Wand              |       |       |       |     5 |     6 |     4 ||    15
       Box of beasts     |       |       |       |       |       |     1 ||     1
  Use: Scroll            |       |       |       |    17 |    12 |     5 ||    34
       Potion            |       |       |       |     4 |     5 |     6 ||    15
 Stab: Sleeping          |     2 |       |     2 |       |       |       ||     4
       Distracted        |       |       |       |     2 |       |       ||     2
       Confused          |       |       |       |     1 |     1 |       ||     2
       Petrified         |       |       |       |       |       |     3 ||     3
       Petrifying        |       |       |       |       |       |     2 ||     2
Armor: Animal skin       |    23 |     5 |     5 |       |       |       ||    33
       Robe              |       |       |    31 |   125 |    28 |       ||   184
       Plate armour      |       |       |       |       |   347 |   117 ||   464
Dodge: Dodged            |   113 |    35 |   145 |   337 |   455 |   164 ||  1249
Block: Buckler           |       |       |       |       |       |   159 ||   159
       Reflection        |       |       |       |       |       |    39 ||    39
       Other             |       |       |       |       |       |     8 ||     8

Table legend: (Time is in decaauts)
 A = Elapsed time spent in this place.
 B = Non-inter-level travel time spent in this place.
 C = Inter-level travel time spent in this place.
 D = Time resting spent in this place.
 E = Time spent auto-exploring this place.
 F = Levels seen in this place.
 G = Mean time per level.
                   A        B        C        D        E       F      G
               +--------+--------+--------+--------+--------+-----+--------+
         Total |  47659 |  44804 |   2855 |  11991 |  26091 |  30 | 1588.6 |
       Dungeon |  22065 |  20067 |   1998 |   3644 |  13597 |  15 | 1471.0 |
          Lair |  11441 |  10894 |    547 |   3301 |   6225 |   6 | 1906.8 |
         Swamp |     15 |     15 |      0 |      0 |      0 |   1 |   15.0 |
  Orcish Mines |   2590 |   2463 |    127 |    844 |   1136 |   2 | 1295.0 |
   Elven Halls |   7785 |   7603 |    182 |   3200 |   3342 |   3 | 2595.0 |
        Bailey |   1344 |   1344 |      0 |    227 |    670 |   1 | 1344.0 |
       Volcano |   1502 |   1502 |      0 |    384 |    833 |   1 | 1502.0 |
      Gauntlet |    914 |    914 |      0 |    390 |    288 |   1 |  914.0 |
               +--------+--------+--------+--------+--------+-----+--------+

Top non-repeatable levels by time:
   Elf:1: 3562 daAuts
   Elf:3: 3115 daAuts
  Lair:6: 2607 daAuts
    D:10: 2518 daAuts
  Lair:2: 2223 daAuts
    D:13: 2170 daAuts
  Lair:3: 2081 daAuts
  Lair:1: 1876 daAuts
     D:5: 1844 daAuts
   Orc:2: 1587 daAuts
     D:8: 1547 daAuts
  Lair:4: 1546 daAuts
     D:2: 1535 daAuts
     D:6: 1530 daAuts
    D:11: 1518 daAuts
